 Dungeon Crawl Stone Soup version 0.17-a0-1989-gfb2cd5c (webtiles) character file.

3966 Ordine the Fighter (level 10, -4/69 HPs)
             Began as an Octopode Fighter on Oct 7, 2015.
             Was an Initiate of Dithmenos.
             Slain by a killer bee (10 damage)
             ... on level 8 of the Dungeon.
             The game lasted 00:22:28 (8123 turns).

Ordine the Fighter (Octopode Fighter)               Turns: 8123, Time: 00:22:28

Health: -4/69      AC:  5    Str: 14    XL:     10   Next: 22%
Magic:  10/10      EV: 11    Int:  8    God:    Dithmenos [......]
Gold:   310        SH: 10    Dex: 17    Spells: 0 memorised, 9 levels left

rFire  + . .     SeeInvis .     a - +1 long sword
rCold  + . .     Clarity  +     b - +1 shield
rNeg   . . .     SustAt   .     (helmet restricted)
rPois  +         Gourm    .     (no amulet)
rElec  +         Spirit   .     (no ring)
rCorr  +         Warding  .     (no ring)
rMut   .         Stasis   .     (no ring)
MR     .....                    (no ring)
Stlth  +++.......               (no ring)
                                (no ring)
                                (no ring)
                                (no ring)

@: lethally poisoned (-4 -> -15), resistant, not resistant to hostile
enchantments, fairly stealthy
A: almost no armour, amphibious, 8 rings, constrict 8, tentacle spike 1,
iridescent scales 1, camouflage 1, agile 1, clarity, dopey 1, frail 1, weak 1,
gelatinous body 1, evolution 1
a: Renounce Religion


You were on level 8 of the Dungeon.
You worshipped Dithmenos.
Dithmenos was noncommittal.
You were very hungry.

You visited 2 branches of the dungeon, and saw 10 of its levels.

You collected 398 gold pieces.
You spent 88 gold pieces at shops.

Inventory:

Hand Weapons
 a - a +1 long sword (weapon)
Missiles
 f - 266 stones
 k - 10 tomahawks (quivered)
 l - 77 poisoned needles
 v - 6 needles of confusion
Armour
 b - a +1 shield (worn)
Wands
 p - a wand of digging (13)
 q - a wand of polymorph (10)
 y - a wand of polymorph (13)
Scrolls
 c - a scroll of amnesia
 e - 5 scrolls of teleportation
 h - 12 scrolls of remove curse
 n - 3 scrolls of recharging
 r - 3 scrolls of identify
 z - 2 scrolls of enchant weapon
Potions
 o - 3 potions of cancellation
 s - a potion of brilliance
 t - a potion of lignification
 w - a potion of cure mutation
Books
 g - a book of Death

   Spells                             Type                      Level
   a - Corpse Rot                     Necromancy                   2
   b - Sublimation of Blood           Necromancy                   2
   c - Agony                          Necromancy                   5
   d - Dispel Undead                  Necromancy                   5
   e - Excruciating Wounds            Charms/Necromancy            5
   f - Bolt of Draining               Conjuration/Necromancy       5
 j - a book of Party Tricks

   Spells                             Type                      Level
   a - Summon Butterflies             Summoning                    1
   b - Apportation                    Translocation                1
   c - Tukima's Dance                 Hexes                        3
   d - Alistair's Intoxication        Transmutation/Poison         4
   e - Invisibility                   Hexes                        6
Comestibles
 d - 9 bread rations
 i - 5 fruits
 m - 5 meat rations
 u - a slice of pizza
 A - a beef jerky


   Skills:
 + Level 10.6 Fighting
 + Level 10.4 Long Blades
 - Level 3.0 Dodging
 - Level 3.0 Shields


You had 9 spell levels left.
You didn't know any spells.

Dungeon Overview and Level Annotations

Branches:
Dungeon (9/15)             Temple (1/1) D:7
   Lair: D:8-11         Orc: D:9-12

Altars:
Ashenzari
Cheibriados
Dithmenos
Elyvilon
Fedhas
Gozag
Kikubaaqudgha
Makhleb
Nemelex Xobeh
Okawaru
Qazlal
Ru
Sif Muna
Trog
Vehumet
Xom
Yredelemnul
Zin
The Shining One

Shops:
D:5 ?   D:6 (   D:7 *


Innate Abilities, Weirdness & Mutations

You cannot wear most types of armour.
You are amphibious.
You can wear up to eight rings at the same time.
You can use your tentacles to constrict eight enemies at once.
Your skin changes colour to match your surroundings (Stealth).
Your rubbery body absorbs attacks (AC +1).
One of your tentacles bears a spike.
You are partially covered in iridescent scales (AC +4).
You are agile. (Dex +2)
You possess an exceptional clarity of mind.
You are dopey. (Int -2)
You are frail (-10% HP).
You are weak. (Str -2)
You evolve.


Message History

The killer bee is almost dead.
You constrict the killer bee.
You feel sick. You block the killer bee's attack.
The killer bee stings you but does no damage.
The killer bee completely misses you.
The killer bee stings you but does no damage.
You slash the killer bee!
You kill the killer bee!
Dithmenos accepts your kill.
You feel sick. The killer bee stings you!
* * * LOW HITPOINT WARNING * * *
You are more poisoned.
The killer bee poisons you! The killer bee stings you!
* * * LOW HITPOINT WARNING * * *
Drink which item? (? for menu, Esc to quit)
You feel protected.
* * * LOW HITPOINT WARNING * * *
You feel sick. The killer bee stings you.
* * * LOW HITPOINT WARNING * * *
The killer bee stings you!
You die...

....#...........#..## #.
#..............##...##### ######.
#####.######..###....<..###......
#.# ###.##...##........### #.#
#..#.####..###.#.### #.# #.#.##
#..# #.#.... #.# #)#.# #..#
#.##### ###.##### #.#y# #..# #.#
#.......# #.#@# #..# #.#
#.#.###.# #...# ##..# #.#
#.#.###.# ##..# #...# #.#
#.#..##.# #..# #..## #.#####
#.##.##.# #..# #..# #.....#
#.##.##.# #..# #..# #####.#
#.......### #..# #..# #.#
####.##...###..####..# #.#
#.................# #.#


You could see a killer bee.

Vanquished Creatures
  Pikel (D:4)
  Joseph (D:7)
  Psyche (D:8)
  The ghost of Morphine the Sneak, a novice OpAs (D:5)
  Prince Ribbit (D:8)
  Sigmund (D:2)
  Eustachio (D:4)
  Grum (D:8)
  2 wolves (D:8)
  A sky beast (D:5)
  A phantom (D:4)
  A centaur (D:7)
  An ogre (D:4)
  6 giant frogs (D:7)
  2 killer bees
  7 hounds
  2 crimson imps
  A centaur zombie (D:7)
  2 iguanas
  2 jellies
  7 orc wizards
  5 worker ants
  A worker ant zombie (D:7)
  Robin (D:4)
  4 gnolls (D:8)
  7 adders
  2 oozes
  An adder skeleton (D:5)
  4 worms
  8 giant geckos
  18 orcs
  2 ball pythons
  5 giant cockroaches
  17 goblins
  3 hobgoblins (D:3)
  15 jackals
  12 kobolds
  6 quokkas
  7 bats
  A giant gecko skeleton (D:5)
  8 giant newts
  9 rats
179 creatures vanquished.

Vanquished Creatures (others)
  Duvessa (D:4)
  2 slaves (D:4)
  Dowan (D:4)
  An orc wizard (D:4)
  A hound skeleton (D:4)
6 creatures vanquished.

Grand Total: 185 creatures vanquished

Notes
Turn   | Place    | Note
--------------------------------------------------------------
     0 | D:1      | Ordine the Octopode Fighter began the quest for the Orb.
     0 | D:1      | Reached XP level 1. HP: 16/16 MP: 1/1
   138 | D:1      | Reached XP level 2. HP: 18/21 MP: 2/2
   919 | D:2      | Noticed Sigmund
   929 | D:2      | Killed Sigmund
   929 | D:2      | Reached skill level 4 in Fighting
   929 | D:2      | Reached XP level 3. HP: 24/27 MP: 3/3
   929 | D:2      | Reached XP level 4. HP: 30/34 MP: 4/4
   929 | D:2      | Reached XP level 5. HP: 33/38 MP: 5/5
   933 | D:2      | Found a faded altar to an unknown god.
  1826 | D:2      | Found a sparkling altar of Nemelex Xobeh.
  1834 | D:2      | Reached skill level 5 in Fighting
  1876 | D:2      | Reached XP level 6. HP: 35/45 MP: 6/6
  2769 | D:4      | Got a slimy war axe
  2770 | D:4      | Identified the +7 war axe of the First Wars {pain, rElec rF+++ MP+9 Stlth-} (You found it on level 4 of the Dungeon)
  2801 | D:4      | Reached skill level 5 in Long Blades
  2825 | D:4      | Reached XP level 7. HP: 36/51 MP: 7/7
  2939 | D:4      | Reached skill level 6 in Fighting
  3288 | D:4      | Noticed Pikel
  3297 | D:4      | Killed Pikel
  3297 | D:4      | Reached skill level 7 in Fighting
  3297 | D:4      | Reached XP level 8. HP: 28/60 MP: 8/8
  3407 | D:4      | Killed Dowan
  3421 | D:4      | Killed Duvessa
  3497 | D:4      | Noticed Robin
  3501 | D:4      | Killed Robin
  3841 | D:4      | Noticed Eustachio
  3849 | D:4      | Killed Eustachio
  4033 | D:5      | Entered Level 5 of the Dungeon
  4190 | D:5      | Gained mutation: You evolve. [potion of mutation]
  4190 | D:5      | Gained mutation: You possess an exceptional clarity of mind. [potion of mutation]
  4191 | D:5      | Gained mutation: Scrolls take you a little longer to read. [potion of mutation]
  4191 | D:5      | Gained mutation: You are partially covered in iridescent scales (AC +4). [potion of mutation]
  4191 | D:5      | Lost mutation: Scrolls take you a little longer to read. [potion of mutation]
  4215 | D:5      | Found a white marble altar of Elyvilon.
  4268 | D:5      | Reached skill level 8 in Fighting
  4278 | D:5      | Gained mutation: Your spells are a little harder to cast, but a little more powerful. [mutagenic meat]
  4279 | D:5      | Gained mutation: You are frail (-10% HP). [mutagenic meat]
  4280 | D:5      | Lost mutation: Your spells are a little harder to cast, but a little more powerful. [mutagenic meat]
  4281 | D:5      | Gained mutation: You are weak. (Str -2) [mutagenic meat]
  4303 | D:5      | Gained mutation: You are agile. (Dex +2) [evolution]
  4484 | D:5      | Noticed Morphine's ghost (novice OpAs)
  4497 | D:5      | Killed Morphine's ghost
  4497 | D:5      | Reached XP level 9. HP: 55/60 MP: 9/9
  4626 | D:5      | Found a sacrificial altar of Ru.
  4629 | D:5      | Found a bloodstained altar of Trog.
  4632 | D:5      | Found a deep blue altar of Sif Muna.
  4640 | D:5      | Found an iron altar of Okawaru.
  4670 | D:5      | Found Zarrenekub's Magic Scroll Boutique.
  4676 | D:5      | Bought a scroll of identify for 22 gold pieces
  4676 | D:5      | Bought a scroll of identify for 22 gold pieces
  4676 | D:5      | Bought a scroll of identify for 22 gold pieces
  4676 | D:5      | Bought a scroll of identify for 22 gold pieces
  4816 | D:5      | Found a blossoming altar of Fedhas.
  4943 | D:6      | Found Liruapn's Antique Weapon Boutique.
  5030 | D:6      | Found a blossoming altar of Fedhas.
  5330 | D:6      | Found a sparkling altar of Nemelex Xobeh.
  5686 | D:7      | Found Woanwosu's Elemental Accessories.
  5747 | D:7      | Reached skill level 9 in Fighting
  6136 | D:7      | Found a staircase to the Ecumenical Temple.
  6141 | Temple   | Entered the Ecumenical Temple
  6400 | Temple   | Became a worshipper of Dithmenos the Shadowed
  6526 | D:7      | Noticed Joseph
  6538 | D:7      | Killed Joseph
  6738 | D:7      | Found an opulent altar of Gozag.
  6738 | D:7      | Found a glowing silver altar of Zin.
  6970 | D:8      | Noticed Prince Ribbit
  6976 | D:8      | Killed Prince Ribbit
  6976 | D:8      | Reached skill level 10 in Fighting
  7007 | D:8      | Gained mutation: You are dopey. (Int -2) [evolution]
  7133 | D:8      | Noticed Psyche
  7145 | D:8      | Killed Psyche
  7145 | D:8      | Reached skill level 10 in Long Blades
  7145 | D:8      | Reached XP level 10. HP: 5/68 MP: 10/10
  7496 | D:8      | Noticed Grum
  7511 | D:8      | Killed Grum
  8010 | D:8      | Gained mutation: One of your tentacles bears a spike. [evolution]
  8123 | D:8      | Slain by a killer bee

Vault maps used:
D:1:      saegor_arrival_simple_b
D:2:      minmay_door_path, ecumenical_altar_1, nemelex_dance_club_becter,
          uniq_sigmund
D:3:      first_bread
D:4:      uniq_duvessa, uniq_eustachio, uniq_robin, uniq_pikel
D:5:      lemuel_doored_altar, grunt_temple_overflow_open, kennysheep_mini_moat,
          serial_shops, shop_fountains
D:6:      basic_altar, serial_shops, nicolae_shop_crystal,
          nemelex_spade_bored_becter
D:7:      grunt_temple_overflow_gold_and_silver, temple_doors_e,
          nicolae_elemental_shop, uniq_joseph
D:8:      uniq_psyche, uniq_prince_ribbit1, uniq_grum
D:9:      minmay_distorted_concentric_squares, serial_shops, shop,
          hangedman_ranch, uniq_maurice
Temple:   triangle_lava_temple_11

Action                   |  1- 3 |  4- 6 |  7- 9 | 10-12 || total
-------------------------+-------+-------+-------+-------++-------
Melee: Long sword        |    47 |   141 |   239 |    39 ||   466
Throw: Throwing net      |     1 |       |       |       ||     1
       Tomahawk          |       |       |     8 |     2 ||    10
  Use: Scroll            |       |    12 |     6 |     1 ||    19
       Potion            |       |       |     6 |     2 ||     8
 Stab: Sleeping          |     3 |    14 |     7 |       ||    24
       Held in net/web   |     3 |       |       |       ||     3
       Distracted        |       |     1 |     1 |       ||     2
  Eat: Chunk             |       |     6 |    18 |     2 ||    26
